 Dungeon Crawl Stone Soup version 0.32-a0-732-ga344392067 (webtiles) character file.

Game seed: 5738584631861016636

8866 ColdPorridge the Basher (level 11, -13/94 HPs)
             Began as a Coglin Artificer on Mar 17, 2024.
             Was a Plaything of Xom.
             Mangled by a torpor snail (20 damage)
             ... on level 2 of the Lair of Beasts.
             The game lasted 00:37:57 (8150 turns).

ColdPorridge the Basher (Coglin Artificer)          Turns: 8150, Time: 00:37:58

Health: -13/94     AC:  9    Str: 17    XL:     11   Next: 37%
Magic:  20/20      EV: 14    Int: 12    God:    Xom [*.....]
Gold:   438        SH:  0    Dex: 15    Spells: 8/10 levels left

rFire   . . .        i - +2 morningstar "Ultimatum" {holy, *Slow rC++ MP+9 SInv}
rCold   + + .        s - staffearth of Elyvilon's Regard {Int+2 Fire Earth}
rNeg    . . .        v - +3 leather armour {rPois}
rPois   +            k - +0 helmet
rElec   .            n - scarf {+Inv}
rCorr   .            (no gloves)
SInv    +            Q - +2 pair of boots
Will    +....        (amulet unavailable)
Stlth   +            (ring unavailable)
HPRegen 0.35/turn    (ring unavailable)
MPRegen 0.17/turn    (no gizmo)

%: slow self (1%)
@: hasted and slowed, unable to read, revved
A: off-hand wielding, slow wielding, warmup strikes, no jewellery, deformed
body, strong-willed 1, robust 1, inability to read after injury 1
a: Invent Gizmo, Renounce Religion, Evoke Invisibility


You were on level 2 of the Lair of Beasts.
You worshipped Xom.
You were a special plaything of Xom.
You visited 2 branches of the dungeon, and saw 12 of its levels.
You also visited: Sewer.

You collected 438 gold pieces.

Inventory:

Hand Weapons
 a - a +0 club {Sunngifu}
 f - a +0 dagger {Eunwoo}
 i - the +2 morningstar "Ultimatum" (weapon) {holy, *Slow rC++ MP+9 SInv}
   (You acquired it on level 2 of the Dungeon)

   rC++:      It greatly protects you from cold.
   MP+9:      It affects your magic capacity (+9).
   SInv:      It lets you see invisible.
   *Slow:     It may slow you when you take damage.
 m - a +0 sling
 u - a +3 vampiric dagger {Kasem}
 F - a +3 war axe
 J - a +0 flail of draining
Missiles
 t - 13 poisoned darts
 A - 2 throwing nets
 L - 6 curare-tipped darts
 N - 5 atropa-tipped darts
Armour
 b - a +0 leather armour
 k - a +0 helmet (worn)
 n - a scarf of invisibility (worn)
 q - an orb of mayhem
 v - a +3 leather armour of poison resistance (worn)
 x - a +0 pair of boots
 y - an orb of wrath
 Q - a +2 pair of boots (worn)
Magical Staves
 s - the staffearth of Elyvilon's Regard (offhand) {Int+2 Fire Earth}
   (You acquired it on level 4 of the Dungeon)

   [staff of earth]

   Base accuracy: +5 Base damage: 5 Base attack delay: 1.2 This weapon's minimum
   attack delay (0.6) is reached at skill level 12.
   Int+2:     It affects your intelligence (+2).
   Fire:      It increases the power of your Fire spells.
   Earth:     It increases the power of your Earth spells.
   It falls into the 'Staves' category.
   It is a one-graspered weapon.
Jewellery
 H - the ring "Xuycof" {Fire Int+4}
   (You found it on level 5 of the Dungeon)

   [ring of fire]

   Fire:      It enhances your fire magic.
   Int+4:     It affects your intelligence (+4).
   rF+:       It protects you from fire.
   rC-:       It makes you vulnerable to cold.
Talismans
 D - a serpent talisman
Wands
 c - a wand of flame (1) (quivered)
 d - a wand of charming (12)
 e - a wand of iceblast (2)
 w - a wand of mindburst (10)
 G - a wand of warping (11)
 M - a wand of digging (4)
Scrolls
 g - 3 scrolls of noise
 o - 2 scrolls of enchant weapon
 E - 2 scrolls of silence
 I - 2 scrolls of revelation
 K - a scroll of blinking
 P - a scroll of immolation
Potions
 h - 2 potions of mutation
 j - a potion of haste
 l - 7 potions of curing
 p - a potion of berserk rage
 r - 2 potions of brilliance
 z - 8 potions of enlightenment
 B - a potion of degeneration {unknown}
 O - a potion of ambrosia {unknown}


   Skills:
 - Level 8.0 Fighting
 + Level 9.4 Maces & Flails
 - Level 5.9 Armour
 + Level 7.5 Dodging
 - Level 0.7 Stealth
 + Level 5.4 Summonings
 - Level 4.0 Evocations


You had 8 spell levels left.
You knew the following spells:

 Your Spells              Type           Power      Damage    Failure   Level
a - Call Imp              Summ           24%        N/A       7%          2

Your spell library contained the following spells:

 Spells                   Type           Power      Damage    Failure   Level
 Magic Dart               Conj           0%         1d3       36%         1
 Blink                    Tloc           0%         N/A       52%         2
 Passwall                 Erth           0%         N/A       75%         3
 Sigil of Binding         Hex            0%         N/A       75%         3
 Volatile Blastmotes      Fire/Tloc      0%         2d10      75%         3
 Animate Dead             Necr           0%         N/A       98%         4
 Borgnjor's Vile Clutch   Necr/Erth      0%         N/A       100%        5
 Bombard                  Conj/Erth      0%         9d1       100%        6
 Death Channel            Necr           0%         N/A       100%        6
 Sculpt Simulacrum        Ice/Alch       0%         N/A       100%        6


Dungeon Overview and Level Annotations

Branches:
Dungeon (10/15)              Lair (2/5) D:10          Sewer (visited)
 Temple: D:4-7        Swamp: Lair:2-3    Shoals: Lair:2-3     Snake: Lair:2-3
 Spider: Lair:2-3       Orc: D:9-12

Altars:
Hepliaklqana
Nemelex Xobeh
Trog
Vehumet
Xom
Yredelemnul
Zin
The Shining One

Shops:
D:2 (

Annotations:
D:3 1 runed translucent door, Crazy Yiuf
D:8 exclusion: downstairs
D:9 exclusion: hydra
Lair:2 exclusion: upstairs


Innate Abilities, Weirdness & Mutations

You can wield a second weapon in your off-hand.
It takes a long time for you to wield or remove held weapons.
Your first few attacks do less damage.
You cannot equip rings or amulets.
Armour fits poorly on your strangely shaped body.
You are strong-willed. (Will+)
You are robust. (+10% HP)
You occasionally lose the ability to read scrolls when taking damage.


Message History

You feel yourself speed up.
The water moccasin bites you but does no damage.
The torpor snail bites you but does no damage.
The water moccasin bites you but does no damage.
You cannot read scrolls in your current state!
You hit the torpor snail but do no damage. x2
The water moccasin bites you but does no damage.
The black bear barely misses you.
The black bear claws you but does no damage. x2
The black bear bites you but does no damage.
The black bear misses you.
The black bear claws you but does no damage.
The torpor snail closely misses you.
You thump the water moccasin with the +2 morningstar "Ultimatum"!
The water moccasin is moderately wounded.
You barely miss the water moccasin with the staffearth of Elyvilon's Regard.
The polar bear is no longer moving slowly.
The water moccasin bites you but does no damage.
The black bear bites you but does no damage.
The black bear closely misses you. The black bear claws you.
* * * LOW HITPOINT WARNING * * *
The black bear misses you. The black bear barely misses you.
The black bear claws you but does no damage.
The torpor snail barely misses you.
You hit the torpor snail but do no damage.
You puncture the torpor snail with the +2 morningstar "Ultimatum"!
The water moccasin misses you.
The black bear bites you but does no damage.
The black bear misses you.
The black bear claws you but does no damage.
The black bear bites you.
* * * LOW HITPOINT WARNING * * *
The black bear claws you but does no damage. x2
The water moccasin bites you but does no damage.
You thump the torpor snail with the +2 morningstar "Ultimatum"!
The torpor snail is moderately wounded.
You hit the torpor snail with the staffearth of Elyvilon's Regard.
The water moccasin misses you. The torpor snail bites you!!
You die...
Xom bursts into laughter! #≈≈≈ #≈≈≈ ~~≈~~ ## ~~l .# l≈S

##.#
#.##h.#
#$.#.whh#
#...S@##
#######


You could see a torpor snail, a polar bear, 2 basilisks, a water moccasin, 2
black bears and an electric eel.

Vanquished Creatures
  2 two-headed ogres
  Sonja (D:10)
  3 cane toads
  2 torpor snails (Lair:1)
  A komodo dragon (Lair:2)
  A polar bear (Lair:2)
  A spriggan (D:9)
  Eustachio (D:6)
  2 basilisks
  5 yaks (Lair:1)
  Edmund (D:5)
  A water moccasin (Lair:2)
  A laughing skull (D:9)
  2 black bears
  2 ice beasts (D:5)
  A tengu (Lair:1)
  4 wolves (Lair:1)
  A centaur (D:9)
  2 kobold brigands (Sewer)
  3 bullfrogs
  A wyvern zombie (D:8)
  4 killer bees (D:9)
  2 howler monkeys
  2 bombardier beetles
  A centaur zombie (D:8)
  2 gnoll boudas
  4 hounds
  6 orc priests
  2 water moccasin simulacra (D:5)
  Ijyb (D:3)
  3 iguanas
  4 orc wizards
  A hell rat (D:10)
  Terence (D:3)
  Robin (D:2)
  18 gnolls
  8 adders
  6 river rats
  2 white imps
  A howler monkey simulacrum (D:5)
  4 ufetubi (D:6)
  8 dart slugs
  32 orcs
  5 bats
  9 endoplasms
  A giant cockroach (D:3)
  19 goblins
  8 hobgoblins
  10 jackals
  6 quokkas
  7 ball pythons
  7 frilled lizards
  20 kobolds
  6 rats
249 creatures vanquished.

Vanquished Creatures (collateral kills)
  A rime drake (Lair:2)
  Grinder (D:6)
  A water moccasin (Lair:1)
  A black bear (Lair:1)
  A kobold brigand (D:6)
  An orc wizard (D:7)
  3 orcs (D:5)
  A rat (Sewer)
10 creatures vanquished.

Vanquished Creatures (others)
  Maggie (Lair:1)
  The ghost of RandomusNamus the Ruffian, an amateur TrCA of Ignis (D:5)
  A hornet (Lair:2)
  A wolf (Lair:1)
4 creatures vanquished.

Grand Total: 263 creatures vanquished

Notes
Turn   | Place    | Note
-------+----------+-------------------------------------------
     0 | D:1      | ColdPorridge the Coglin Artificer began the quest for the
                  | Orb.
     0 | D:1      | Reached XP level 1. HP: 15/15 MP: 1/1
    32 | D:1      | Reached skill level 1 in Dodging
    96 | D:1      | Reached XP level 2. HP: 21/21 MP: 2/2
   102 | D:1      | Reached skill level 1 in Maces & Flails
   388 | D:1      | Reached XP level 3. HP: 26/26 MP: 3/3
   467 | D:1      | You fall into a shaft and drop 1 floor!
   513 | D:2      | Found Febraelesch's Antique Weapon Emporium.
   575 | D:2      | Noticed Robin
   591 | D:2      | Your ally Robin died
   596 | D:2      | Reached skill level 2 in Maces & Flails
   678 | D:2      | Found a hazy altar of Hepliaklqana.
   791 | D:2      | Reached XP level 4. HP: 13/32 MP: 4/4
  1692 | D:3      | Noticed Ijyb
  1698 | D:3      | Killed Ijyb
  1745 | D:2      | Identified a scroll of acquirement
  1745 | D:2      | Acquired the +2 morningstar "Ultimatum" {holy, *Slow rC++
                  | MP+9 SInv}
  1878 | D:3      | Noticed Terence
  1886 | D:3      | Killed Terence
  1887 | D:3      | Reached XP level 5. HP: 28/37 MP: 5/5
  1937 | D:3      | Found a faded altar of an unknown god.
  1983 | D:3      | Prayed at the altar of an unknown god.
  1983 | D:3      | Became a worshipper of Xom of Gnomic Intent
  2141 | D:3      | Reached skill level 3 in Maces & Flails
  2694 | D:3      | Found a runed translucent door.
  2695 | D:3      | Noticed Crazy Yiuf
  2809 | D:4      | Reached XP level 6. HP: 44/44 MP: 6/6
  2814 | D:4      | Acquired the staffearth of Elyvilon's Regard {Int+2 Fire
                  | Earth}
  3068 | D:4      | XOM: silly message
  3178 | D:4      | XOM: 1-stop teleportation journey
  3199 | D:4      | XOM: noise
  3353 | D:5      | Entered Level 5 of the Dungeon
  3408 | D:5      | Found a runed translucent gate.
  3408 | D:5      | Found a runed translucent gate.
  3408 | D:5      | Found a runed translucent gate.
  3435 | D:5      | XOM: divination: detect items
  3477 | D:5      | Reached XP level 7. HP: 40/52 MP: 7/7
  3492 | D:5      | Reached skill level 4 in Maces & Flails
  3492 | D:5      | Noticed RandomusNamus's ghost (amateur TrCA)
  3503 | D:5      | Your ally RandomusNamus's ghost died
  3531 | D:5      | Identified the ring "Xuycof" {Fire Int+4}
  3613 | D:5      | Noticed Edmund
  3614 | D:5      | XOM: divination: detect items
  3677 | D:5      | Reached XP level 8. HP: 50/60 MP: 8/8
  3681 | D:5      | XOM: blink monster(s)
  3767 | D:5      | Killed Edmund
  3768 | D:5      | Reached skill level 5 in Maces & Flails
  3798 | D:5      | Found a glowing drain.
  3820 | Sewer    | Entered a sewer
  4038 | Sewer    | Found a white marble altar of Elyvilon.
  4038 | Sewer    | XOM: 3-stop teleportation journey
  4165 | D:5      | Reached skill level 5 in Fighting
  4501 | D:5      | XOM: divination: detect creatures
  4519 | D:6      | Noticed Eustachio
  4525 | D:6      | XOM: summons friendly iron imp
  4535 | D:6      | Killed Eustachio
  4537 | D:6      | XOM: silly message
  4547 | D:6      | XOM: polymorph centaur -> kobold
  4856 | D:6      | Noticed Grinder
  4856 | D:6      | XOM: 4-stop teleportation journey
  4857 | D:6      | XOM: swap monsters
  4865 | D:6      | XOM: summons friendly iron imp
  4869 | D:6      | XOM: cast spell 'Summon Horrible Things'
  4874 | D:6      | Killed Grinder
  4875 | D:6      | Reached skill level 6 in Maces & Flails
  4875 | D:6      | Reached XP level 9. HP: 60/69 MP: 9/9
  4876 | D:6      | Reached skill level 5 in Armour
  4933 | D:6      | Found a sparkling altar of Nemelex Xobeh.
  5234 | D:6      | XOM is BORED!
  5282 | D:6      | Noticed Pikel
  5286 | D:6      | Pikel changed into Pikel the ball python
  5286 | D:6      | Noticed Pikel
  5286 | D:6      | XOM: polymorph Pikel -> Pikel the ball python
  5287 | D:6      | XOM: confuse monster(s)
  5289 | D:6      | Killed Pikel the ball python
  5596 | D:7      | Found a hazy altar of Hepliaklqana.
  5678 | D:7      | XOM: 1-stop teleportation journey
  5743 | D:7      | Found a glowing golden altar of the Shining One.
  5743 | D:7      | Found a bloodstained altar of Trog.
  5921 | D:7      | XOM: god gift: bubbling clear potion {god gift}
  5964 | D:7      | XOM: cast spell 'Summon Dragon'
  6022 | D:8      | Found a transporter.
  6052 | D:8      | Noticed a two-headed ogre
  6059 | D:8      | Killed a two-headed ogre
  6441 | D:8      | Reached skill level 7 in Maces & Flails
  6446 | D:8      | Found a basalt altar of Yredelemnul.
  6758 | D:9      | XOM: enchant monster (good)
  6762 | D:9      | XOM: blink monster(s)
  6771 | D:9      | XOM: confuse monster(s)
  6797 | D:9      | XOM: noise
  6818 | D:9      | XOM: polymorph orc wizard -> bat
  6823 | D:9      | XOM: 6-stop teleportation journey
  6824 | D:9      | Reached XP level 10. HP: 74/79 MP: 10/10
  6837 | D:9      | XOM: fog
  6860 | D:9      | Noticed a two-headed ogre
  6862 | D:9      | XOM: summons 4 friendly demons
  6863 | D:9      | XOM: potion effect (heal wounds)
  6866 | D:9      | Killed a two-headed ogre
  6867 | D:9      | Reached skill level 5 in Dodging
  6892 | D:9      | Noticed a centaur warrior
  6904 | D:9      | a centaur warrior changed into a spriggan
  6904 | D:9      | XOM: polymorph centaur warrior -> spriggan
  6939 | D:9      | Noticed a five-headed hydra
  6940 | D:9      | XOM: summons friendly shadow imp
  6962 | D:8      | XOM: give mutations
  6962 | D:8      | Gained mutation: You passively map a small area around you.
                  | [Xom's grace]
  6962 | D:8      | Gained mutation: Your spells are a little harder to cast,
                  | but a little more powerful. [Xom's grace]
  6962 | D:8      | Gained mutation: You are strong-willed. (Will+) [Xom's
                  | grace]
  6962 | D:8      | Gained mutation: You are robust. (+10% HP) [Xom's grace]
  6986 | D:8      | Found a glowing silver altar of Zin.
  6996 | D:8      | Found a radiant altar of Vehumet.
  7116 | D:10     | Entered Level 10 of the Dungeon
  7178 | D:10     | Learned a level 2 spell: Call Imp
  7212 | D:10     | Found a staircase to the Lair.
  7212 | D:10     | XOM: potion effect (brilliance)
  7267 | D:10     | XOM: scenery: summon butterflies
  7269 | D:10     | Noticed Sonja
  7280 | D:10     | Reached skill level 1 in Summonings
  7292 | D:10     | Killed Sonja
  7293 | D:10     | Reached skill level 8 in Maces & Flails
  7424 | Lair:1   | Entered Level 1 of the Lair of Beasts
  7486 | Lair:1   | Noticed a cane toad
  7486 | Lair:1   | XOM: 3-stop teleportation journey
  7491 | Lair:1   | XOM: polymorph wolf -> dart slug
  7496 | Lair:1   | XOM: enchant monster (good)
  7514 | Lair:1   | Noticed a cane toad
  7522 | Lair:1   | Killed a cane toad
  7537 | Lair:1   | Noticed Maggie
  7540 | Lair:1   | XOM: give mutations
  7540 | Lair:1   | Gained mutation: You occasionally lose the ability to read
                  | scrolls when taking damage. [Xom's mischief]
  7540 | Lair:1   | Lost mutation: Your spells are a little harder to cast, but
                  | a little more powerful. [Xom's mischief]
  7540 | Lair:1   | Lost mutation: You passively map a small area around you.
                  | [Xom's mischief]
  7540 | Lair:1   | Gained mutation: Armour fits poorly on your strangely
                  | shaped body. [Xom's mischief]
  7548 | Lair:1   | Your ally Maggie died
  7635 | Lair:1   | Reached XP level 11. HP: 72/94 MP: 11/11
  7641 | Lair:1   | XOM: polymorph yak -> tengu
  7652 | Lair:1   | Reached skill level 9 in Maces & Flails
  7860 | Lair:1   | XOM: 2-stop teleportation journey
  7914 | Lair:2   | XOM: enchant monster (good)
  7926 | Lair:2   | Reached skill level 5 in Summonings
  8034 | Lair:2   | XOM: cloud trail
  8136 | Lair:2   | XOM: 1-stop teleportation journey
  8137 | Lair:2   | XOM: cast spell 'Iskenderun's Battlesphere'
  8144 | Lair:2   | Noticed an eight-headed hydra
  8150 | Lair:2   | Mangled by a torpor snail

Illustrated notes

Levels and vault maps discovered:
D:1:      roderic_crop_circles_arrival_small, layout_loops_ring,
          grunt_decor_one_mirror, lexackson_kobold_supper
D:2:      layout_basic, basic_altar, serial_shops, shop, corner_web_ring,
          dk_noncrumbling_2, uniq_robin
D:3:      layout_basic, serial_glass, glass_columns_a, glass_columns_a,
          glass_columns_a, glass_columns_a, shapermc_ecumenical_altar_ellora,
          minmay_puff, uniq_ijyb, uniq_terence, uniq_crazy_yiuf_cottage
D:4:      layout_loops_corners, gammafunk_ghost_grave
D:5:      layout_rooms, portal_sewer_entry_c, gammafunk_ghost_icy,
          chequers_decorated_corner, uniq_edmund
D:6:      layout_basic, nicolae_overflow_hidden_temple,
          kennysheep_generic_room_8, uniq_pikel, uniq_eustachio, uniq_grinder
D:7:      layout_basic, mainiacjoe_overflow_small_starburst,
          chequers_temple_overflow_statue_of_worship, minmay_temple_entry_waves
D:8:      layout_rooms, mainiacjoe_overflow_swirl,
          lemuel_zombie_altar_yredelemnul, nicolae_diode_basic
D:9:      layout_basic, minmay_shop_grid_forest, chequers_arboretum, kb_rosetta
D:10:     layout_irregular_city, mainiacjoe_overflow_big_doors,
          dpeg_lair_monsters, orc_0_dummy, uniq_sonja
Lair:1:   layout_hall_layers, kennysheep_snail_temple, uniq_maggie
Lair:2:   layout_chaotic_city, nicolae_swamp_entry_splash_gauntlet,
          guppyfry_snake_entry_garden, pdpol_lair_cavern_descent

Skill      XL: |  1  2  3  4  5  6  7  8  9 10 11 |
---------------+----------------------------------+-----
Dodging        | 1 2 3 4 6 7 |  7.5
Maces & Flails | 1 2 3 4 6 7 8 9 |  9.4
Fighting       | 2 3 4 5 7 8 |  8.0
Armour         | 2 3 4 5 |  5.9
Summonings     | 4 5 |  5.4
Stealth        | |  0.7
Evocations     | |  4.0

Action                     |  1- 3 |  4- 6 |  7- 9 | 10-12 || total
---------------------------+-------+-------+-------+-------++-------
  Melee: Club              |    82 |    48 |       |       ||   130
         Dagger            |    84 |    84 |       |       ||   168
         Morningstar       |       |    94 |   260 |   162 ||   516
         Staff             |       |    49 |   225 |   154 ||   428
  Evoke: Wand              |    13 |     4 |    19 |    13 ||    49
    Use: Scroll            |       |    12 |     5 |     1 ||    18
         Potion            |       |       |       |     5 ||     5
   Stab: Sleeping          |       |     3 |       |     1 ||     4
         Confused          |       |       |     3 |       ||     3
         Petrifying        |       |       |     2 |       ||     2
 Armour: Leather armour    |    64 |    91 |   202 |   145 ||   502
  Dodge: Dodged            |    55 |    93 |   240 |   155 ||   543

Table legend: (Time is in decaauts)
 A = Elapsed time spent in this place.
 B = Non-inter-level travel time spent in this place.
 C = Inter-level travel time spent in this place.
 D = Time resting spent in this place.
 E = Time spent auto-exploring this place.
 F = Levels seen in this place.
 G = Mean time per level.
                   A        B        C        D        E       F      G
               +--------+--------+--------+--------+--------+-----+--------+
         Total |   8295 |   7968 |    327 |   1075 |   4172 |  13 |  638.1 |
       Dungeon |   7162 |   6835 |    327 |    809 |   3940 |  10 |  716.2 |
          Lair |    745 |    745 |      0 |    177 |    194 |   2 |  372.5 |
         Sewer |    387 |    387 |      0 |     89 |     37 |   1 |  387.0 |
               +--------+--------+--------+--------+--------+-----+--------+

Top non-repeatable levels by time:
     D:3: 1095 daAuts
     D:6: 1042 daAuts
     D:1: 877 daAuts
     D:5: 833 daAuts
     D:2: 826 daAuts
     D:8: 734 daAuts
     D:4: 590 daAuts
  Lair:1: 456 daAuts
     D:7: 453 daAuts
     D:9: 400 daAuts
   Sewer: 387 daAuts
    D:10: 308 daAuts
  Lair:2: 289 daAuts
